 Dungeon Crawl Stone Soup version 0.30-a0-652-gcc886f7154 (webtiles) character file.

Game seed: 12539980194938101790

1001 warriortoast the Trooper (level 8, 0/68 HPs)
             Began as a Barachi Warper on Jan 17, 2023.
             Was an Initiate of Hepliaklqana.
             Slain by Newt's ghost (6 damage)
             ... on level 4 of the Dungeon.
             The game lasted 00:15:13 (7048 turns).

warriortoast the Trooper (Barachi Warper)           Turns: 7048, Time: 00:15:13

Health: 0/68       AC:  8    Str: 15    XL:     8   Next: 20%
Magic:  11/11      EV:  9    Int: 14    God:    Hepliaklqana [......]
Gold:   123        SH:  0    Dex: 11    Spells: 11/11 levels left

rFire   . . .      SeeInvis .    a - +0 mace
rCold   . . .      Faith    .    (no shield)
rNeg    . . .      Spirit   .    u - +0 scale mail
rPois   .          Reflect  .    m - +0 helmet
rElec   .          Harm     .    (no cloak)
rCorr   .          Rampage  .    (no gloves)
Will    .....                    t - +0 pair of boots Stlth
                                 (no amulet)
HPRegen 0.31/turn                (no ring)
MPRegen 0.12/turn                (no ring)

@: slow
A: amphibious, slowness 1, strong legs 1, +LOS
a: Hop, Renounce Religion


You were on level 4 of the Dungeon.
You worshipped Hepliaklqana.
Hepliaklqana was noncommittal.
You visited 1 branch of the dungeon, and saw 4 of its levels.
You also visited: Sewer.

You collected 195 gold pieces.
You spent 72 gold pieces at shops.

Inventory:

Hand Weapons
 a - a +0 mace (weapon)
Missiles
 d - 3 boomerangs of dispersal
 g - 3 curare-tipped darts
 q - 27 poisoned darts (quivered)
Armour
 b - a +0 leather armour
 m - a +0 helmet (worn)
 t - a +0 pair of boots (worn)
 u - a +0 scale mail (worn)
Jewellery
 p - a ring of resist corrosion
 v - a +4 ring of protection
Scrolls
 c - a scroll of blinking
 i - 2 scrolls of fear {unknown}
 j - a scroll of enchant armour {unknown}
 k - 6 scrolls of identify {unknown}
 l - 3 scrolls of amnesia {unknown}
 n - 4 scrolls of teleportation {unknown}
 r - 2 scrolls of vulnerability {unknown}
 s - a scroll of poison {unknown}
Potions
 e - 3 potions of haste
 f - a potion of lignification
 h - 2 potions of mutation {unknown}
 o - a potion of curing {unknown}
 w - a potion of heal wounds


   Skills:
 + Level 7.7 Fighting
 + Level 7.0 Maces & Flails
 + Level 3.2 Throwing
 - Level 1.2 Armour
 - Level 2.1 Dodging
 - Level 2.1 Spellcasting
 - Level 3.2 Translocations


You had 11 spell levels left.
You didn't know any spells.
Your spell library contained the following spells:

 Spells                   Type           Power      Damage    Failure   Level
 Blink                    Tloc           20%        N/A       36%         2
 Lesser Beckoning         Tloc           20%        N/A       36%         2
 Teleport Other           Tloc           10%        N/A       58%         3
 Ensorcelled Hibernation  Hex/Ice        2%         N/A       82%         2
 Vhi's Electric Charge    Tloc/Air       12%        N/A       82%         3
 Manifold Assault         Tloc           10%        N/A       94%         4
 Spider Form              Tmut/Pois      1%         N/A       96%         3
 Stone Arrow              Conj/Erth      2%         3d7       96%         3
 Anguish                  Hex/Necr       0%         N/A       100%        4
 Animate Armour           Summ/Erth      2%         N/A       100%        4
 Lehudib's Crystal Spear  Conj/Erth      0%         10d2      100%        8


Dungeon Overview and Level Annotations

Branches:
Dungeon (4/15)              Sewer (visited)
 Temple: D:4-7

Altars:
Cheibriados
Fedhas
Hepliaklqana
Vehumet

Shops:
D:4 *

Annotations:
D:3 1 runed translucent door, Crazy Yiuf, Jessica
D:4 Newt's ghost, amateur KoHu


Innate Abilities, Weirdness & Mutations

You are amphibious.
You cover ground slowly.
You can hop short distances.
You have an extended range of vision and can be seen from far away.


Message History

Newt's ghost hits you!
You barely miss Newt's ghost.
Newt's ghost is moderately damaged.
Newt's ghost hits you!
You hit Newt's ghost but do no damage.
Newt's ghost is moderately damaged.
Newt's ghost hits you!
* * * LOW HITPOINT WARNING * * *
You miss Newt's ghost.
Newt's ghost is moderately damaged.
Newt's ghost closely misses you.
You barely miss Newt's ghost.
Newt's ghost is moderately damaged.
Newt's ghost hits you but does no damage.
You barely miss Newt's ghost.
Newt's ghost is moderately damaged.
Newt's ghost hits you but does no damage.
You hit Newt's ghost.
Newt's ghost is moderately damaged.
Newt's ghost hits you!
* * * LOW HITPOINT WARNING * * *
Newt's ghost hits you.
* * * LOW HITPOINT WARNING * * *
You sock Newt's ghost!
Newt's ghost is heavily damaged.
Newt's ghost hits you.
* * * LOW HITPOINT WARNING * * *
You miss Newt's ghost.
Newt's ghost is heavily damaged.
Newt's ghost hits you but does no damage.
You barely miss Newt's ghost.
Newt's ghost is heavily damaged.
Newt's ghost closely misses you.
You miss Newt's ghost.
Newt's ghost is moderately damaged.
Newt's ghost misses you.
You closely miss Newt's ghost.
Newt's ghost is moderately damaged.
Newt's ghost hits you.
You die...

...#......##..........#.#.#.#....
........................(........
.............##.#.......#........
..##......##.##.#................
.<##......##.#..........#.#.##...
.................................
.###.....#######.........∩#####..
.# #.....#.....#.....##.##.......
## #....##)~~~~W@....##.##.#.....
## #....##.)...#.....##.##.#.....
.###....########.....##.##.#.###.
.#...............................
.###.................##.##.#####.
.# #....####.........##.##.# #.
.###....####.........##.##.#####.
....................(............
.####.#.####.###.##.###.##.#####.


You could see Newt's ghost.

Vanquished Creatures
  A black bear (D:4)
  9 kobold brigands (Sewer)
  2 jellies (D:4)
  An iguana (D:3)
  5 adders
  4 river rats
  4 worms
  3 dart slugs
  2 orcs
  8 ball pythons
  7 endoplasms
  5 giant cockroaches
  9 goblins
  14 hobgoblins
  11 jackals
  11 kobolds
  2 quokkas
  4 bats
  3 frilled lizards
  13 rats
118 creatures vanquished.

Notes
Turn   | Place    | Note
-------+----------+-------------------------------------------
     0 | D:1      | warriortoast the Barachi Warper began the quest for the
                  | Orb.
     0 | D:1      | Reached XP level 1. HP: 17/17 MP: 3/3
   149 | D:1      | Reached XP level 2. HP: 22/23 MP: 5/5
   557 | D:1      | Reached XP level 3. HP: 10/29 MP: 6/6
  1493 | D:2      | Reached XP level 4. HP: 26/37 MP: 7/7
  2354 | D:3      | Found a glowing drain.
  2398 | D:3      | HP: 1/38 [adder (1)]
  2546 | Sewer    | Entered a sewer
  2563 | Sewer    | Noticed a kobold brigand
  2576 | Sewer    | Noticed a kobold brigand
  2578 | Sewer    | Killed a kobold brigand
  2579 | Sewer    | Reached skill level 5 in Fighting
  2579 | Sewer    | Reached XP level 5. HP: 44/44 MP: 8/8
  2590 | Sewer    | Killed a kobold brigand
  2591 | Sewer    | Reached skill level 5 in Maces & Flails
  2591 | Sewer    | Reached XP level 6. HP: 51/51 MP: 9/9
  3028 | Sewer    | Reached XP level 7. HP: 54/59 MP: 10/10
  3406 | Sewer    | HP: 1/59 [kobold brigand/+0 whip (4)]
  5201 | D:3      | Found a runed translucent door.
  5202 | D:3      | Noticed Crazy Yiuf
  5202 | D:3      | Noticed Jessica
  5682 | D:4      | Reached XP level 8. HP: 28/67 MP: 11/11
  6190 | D:4      | Found Yrhidefee's Assorted Antiques.
  6191 | D:4      | Found a runed translucent door.
  6203 | D:4      | Bought a scroll labelled BYGIOMAYRCH for 24 gold pieces
  6203 | D:4      | Bought a scroll labelled ETO YGEID BUPH for 24 gold pieces
  6203 | D:4      | Bought a scroll labelled YKEL BULUER for 24 gold pieces
  6641 | D:4      | Found a snail-covered altar of Cheibriados.
  6900 | D:4      | Found a hazy altar of Hepliaklqana.
  6900 | D:4      | Found a blossoming altar of Fedhas.
  6900 | D:4      | Found a radiant altar of Vehumet.
  6910 | D:4      | Became a worshipper of Hepliaklqana the Forgotten
  7012 | D:4      | Noticed Newt's ghost (amateur KoHu)
  7048 | D:4      | Slain by Newt's ghost

Illustrated notes

Levels and vault maps discovered:
D:1:      psy_arrival_spokes, layout_basic
D:2:      layout_basic, nicolae_concentric_dashed_squares_mild,
          serial_bayou_crossing
D:3:      layout_loops_ring, portal_sewer_entry_b, uniq_crazy_yiuf_cottage,
          uniq_jessica
D:4:      layout_basic, mainiacjoe_overflow_alcove_4,
          gammafunk_temple_overflow_forgotten, serial_shops, shop,
          ebering_ghost_reflecting_pool, eino_curves_04

Skill      XL: |  1  2  3  4  5  6  7  8 |
---------------+-------------------------+-----
Fighting       | 3 5 6 7 |  7.7
Maces & Flails | 3 4 5 6 7 |  7.0
Throwing       | 3 |  3.2
Armour         | |  1.2
Dodging        | |  2.1
Spellcasting   | |  2.1
Translocations | |  3.2

Action                   |  1- 3 |  4- 6 |  7- 9 || total
-------------------------+-------+-------+-------++-------
Melee: Mace              |   122 |   116 |   164 ||   402
       Punch             |     1 |     2 |     3 ||     6
Throw: Boomerang         |     2 |     2 |       ||     4
       Dart              |       |    24 |   162 ||   186
 Abil: Hop               |       |       |     1 ||     1
  Use: Potion            |       |     5 |       ||     5
       Scroll            |       |     3 |       ||     3
Armor: Leather armour    |    55 |    25 |    32 ||   112
       Skin              |       |     4 |       ||     4
       Scale mail        |       |       |     7 ||     7
Dodge: Dodged            |    91 |    59 |    86 ||   236

Table legend: (Time is in decaauts)
 A = Elapsed time spent in this place.
 B = Non-inter-level travel time spent in this place.
 C = Inter-level travel time spent in this place.
 D = Time resting spent in this place.
 E = Time spent auto-exploring this place.
 F = Levels seen in this place.
 G = Mean time per level.
                   A        B        C        D        E       F      G
               +--------+--------+--------+--------+--------+-----+--------+
         Total |   7851 |   7477 |    374 |   1456 |   4730 |   5 | 1570.2 |
       Dungeon |   5709 |   5335 |    374 |    574 |   3869 |   4 | 1427.2 |
         Sewer |   2141 |   2141 |      0 |    881 |    860 |   1 | 2141.0 |
               +--------+--------+--------+--------+--------+-----+--------+

Top non-repeatable levels by time:
   Sewer: 2141 daAuts
     D:4: 1568 daAuts
     D:2: 1539 daAuts
     D:3: 1415 daAuts
     D:1: 1186 daAuts
